AoeStats
← MAVERICK

Black Forest

509452639Analyzed
3v3 RM · 4d ago on Sep 26, 2026· 52m 12s· 6 players
Game mode
Random Map
Map size
Normal (6 player)
Population
200
Speed
Normal
Resources
Standard
Victory
Conquest
Starting age
Dark Age
Ending age
Imperial Age
RankedLock teamsTeams togetherTeam positionsShared explorationLock speedFull tech treeHidden civsTurbo modeCheats
Victory
Defeat
🇦🇷 Bohemians · Argentina
1160
+14
🇦🇷 Turks · Argentina
1157
+14
🇦🇷 Spanish · Argentina
1112
+16
🇩🇪 Danes · Germany
1152
-16
🇩🇪 Dravidians · Germany
1098
-14
🇺🇸 Malians · United States
1096
-14
wonderwild
0:27 Loom
12:37 Feudal Age
13:25 Double-Bit Axe
19:53 Castle Age
18:40 Stone Mining
20:53 Bow Saw
22:31 Wheelbarrow
21:58 Gold Mining
22:29 Fishing Lines
24:59 Hand Cart
25:24 Horse Collar
28:46 Gillnets
29:14 Bloodlines
29:36 Town Watch
33:43 Imperial Age
30:44 Elite Skirmisher
31:10 Light Cavalry
33:02 Scale Barding Armor
32:58 Scale Mail Armor
33:23 Ballistics
33:22 Husbandry
33:53 Thumb Ring
33:50 Padded Archer Armor
33:40 Fletching
35:31 Chemistry
35:09 Masonry
35:27 Conscription
35:13 Farimba
35:36 Chain Mail Armor
36:17 Leather Archer Armor
36:13 Bodkin Arrow
36:42 Chain Barding Armor
37:09 Fortified Wall
37:42 Elite Gbeto
39:22 Plate Mail Armor
40:17 Block Printing
40:37 Architecture
40:54 Plate Barding Armor
40:31 Pikeman
40:51 Heavy Camel Rider
42:14 Forging
42:01 Crossbowman
43:09 Arbalester
46:03 Ring Archer Armor
49:21 Iron Casting
49:18 Tigui
Delirio
11:28 Feudal Age
12:21 Loom
15:05 Castle Age
13:21 Double-Bit Axe
13:19 Fishing Lines
19:05 Bow Saw
20:26 Wheelbarrow
27:51 Imperial Age
25:50 Town Watch
25:58 Horse Collar
26:11 Gold Mining
27:22 Hamask
29:44 Conscription
29:53 Heavy Plow
30:29 Gold Shaft Mining
30:04 Town Patrol
30:26 Hand Cart
30:21 Arson
30:36 Squires
30:44 Scale Mail Armor
30:54 Forging
31:12 Ballistics
31:55 Chemistry
31:25 Capped Ram
32:08 Stone Mining
31:59 Elite Jomsviking
33:44 Onager
34:41 Northmen's Fury
35:16 Fletching
35:26 Padded Archer Armor
34:49 Elite Skirmisher
36:06 Masonry
35:53 Murder Holes
36:44 Thumb Ring
36:36 Bodkin Arrow
36:56 Leather Archer Armor
37:16 Chain Mail Armor
37:36 Iron Casting
38:28 Cranequins
39:35 Siege Engineers
42:09 Bloodlines
41:59 Husbandry
44:34 Blast Furnace
44:04 Plate Mail Armor
43:35 Bracer
44:10 Heavy Mounted Crossbowman
46:50 Ring Archer Armor
48:51 Scale Barding Armor
janos.zachow
10:41 Feudal Age
11:56 Loom
15:52 Castle Age
13:41 Fishing Lines
15:07 Double-Bit Axe
17:02 Gillnets
19:37 Gold Mining
21:42 Bow Saw
23:19 Town Watch
24:12 Wheelbarrow
26:46 Hand Cart
26:32 Town Patrol
26:18 Horse Collar
30:55 Imperial Age
29:05 Fletching
29:15 Padded Archer Armor
29:33 Medical Corps
30:37 Bodkin Arrow
30:57 Leather Archer Armor
31:05 Ballistics
30:57 Masonry
30:58 Fortified Wall
32:22 Wootz Steel
32:33 Conscription
32:16 Murder Holes
32:41 Thumb Ring
32:56 Elite Elephant Archer
35:54 Chemistry
35:42 Caravan
37:48 Two-Man Saw
36:53 Heavy Plow
rstizza
6:29 Loom
14:12 Feudal Age
18:15 Castle Age
16:22 Horse Collar
16:41 Double-Bit Axe
17:28 Fishing Lines
19:09 Bow Saw
19:23 Horse Collar
28:18 Heavy Plow
35:58 Imperial Age
34:38 Wheelbarrow
36:36 Cavalier
38:26 Two-Man Saw
38:09 Husbandry
39:36 Scale Barding Armor
39:42 Forging
39:33 Padded Archer Armor
39:24 Fletching
39:34 Scale Mail Armor
40:50 Hand Cart
40:30 Gold Mining
40:31 Stone Mining
40:06 Light Cavalry
40:57 Bloodlines
41:49 Chain Barding Armor
42:05 Iron Casting
42:22 Stone Shaft Mining
41:39 Paladin
42:32 Town Watch
43:24 Hoardings
45:53 Hussar
47:26 Caravan
MAVERICK
0:56 Loom
13:56 Feudal Age
18:03 Castle Age
16:13 Double-Bit Axe
16:38 Horse Collar
19:04 Bow Saw
18:56 Heavy Plow
19:35 Wheelbarrow
22:25 Hand Cart
24:17 Fortified Wall
25:57 Masonry
31:45 Imperial Age
30:21 Chemistry
29:43 Ballistics
28:47 Elite Skirmisher
29:38 Pikeman
30:18 Squires
30:21 Fletching
30:33 Padded Archer Armor
30:35 Scale Mail Armor
31:32 Murder Holes
31:36 Bodkin Arrow
32:20 Caravan
34:02 Two-Man Saw
34:08 Bracer
34:24 Leather Archer Armor
34:41 Houfnice
35:57 Chain Mail Armor
36:26 Ring Archer Armor
36:47 Siege Engineers
36:58 Wagenburg Tactics
37:16 Conscription
38:16 Architecture
37:35 Town Watch
39:09 Plate Mail Armor
38:45 Scale Barding Armor
38:50 Forging
38:10 Onager
38:55 Town Patrol
40:07 Hussite Reforms
43:49 Elite Hussite Wagon
44:54 Halberdier
balgarv
0:42 Loom
0:57 Loom
13:56 Feudal Age
18:17 Castle Age
17:15 Double-Bit Axe
19:12 Bow Saw
20:10 Horse Collar
28:45 Wheelbarrow
28:22 Heavy Plow
32:52 Imperial Age
30:31 Gold Mining
31:52 Padded Archer Armor
31:57 Scale Barding Armor
32:30 Fishing Lines
34:03 Gold Shaft Mining
33:45 Elite Janissary
34:49 Conscription
35:50 Chain Barding Armor
35:45 Leather Archer Armor
35:41 Forging
35:56 Stone Mining
37:15 Two-Man Saw
36:48 Hand Cart
36:52 Artillery
36:54 Husbandry
37:05 Bloodlines
36:52 Town Watch
38:12 Plate Barding Armor
38:08 Ring Archer Armor
37:57 Gillnets
38:41 Cavalier
40:01 Iron Casting
39:56 Ring Archer Armor
39:48 Fletching
40:21 Ballistics
40:21 Bombard Tower
39:42 Treadmill Crane
41:43 Caravan
43:33 Bodkin Arrow
44:38 Blast Furnace
46:46 Fortified Wall
46:31 Murder Holes
47:01 Devotion
48:51 Bracer
49:03 Masonry
Connection lost

Rejoining the realm…

Still unreachable

The connection could not be restored.

Session expired

The server has moved on; the page needs a fresh start.